 Dungeon Crawl Stone Soup version 0.19.4-8-ga85b6b9 (webtiles) character file.

186 winWinterter the Chopper (level 5, 0/42 HPs)
             Began as a Formicid Fighter on Feb 14, 2017.
             Succumbed to Crazy Yiuf's poison
             ... on level 2 of the Dungeon.
             The game lasted 00:03:01 (1788 turns).

winWinterter the Chopper (Formicid Fighter)         Turns: 1788, Time: 00:03:02

Health: 0/42       AC:  8    Str: 26    XL:     5   Next: 98%
Magic:  8/14       EV:  8    Int: 10    God:
Gold:   86         SH: 10    Dex: 11    Spells: 0 memorised, 4 levels left

rFire  . . .     SeeInvis +     a - +0 war axe
rCold  . . .     Gourm    .     b - +0 scale mail
rNeg   . . .     Faith    .     c - +0 shield
rPois  .         Spirit   +     (helmet unavailable)
rElec  .         Reflect  .     l - +0 cloak
rCorr  .         Harm     .     (no gloves)
MR     .....                    (no boots)
Stlth  ..........               r - amulet of guardian spirit
                                (no ring)
                                h - ring of magical power

@: mighty, brilliant, lethally poisoned (0 -> -5)
A: permanent stasis, dig shafts and tunnels, four strong arms, antennae 3, dopey
1
a: Dig, Shaft Self


You were on level 2 of the Dungeon.
You were not hungry.

You visited 1 branch of the dungeon, and saw 2 of its levels.

You collected 86 gold pieces.

Inventory:

Hand Weapons
 a - a +0 war axe (weapon)
Missiles
 m - 6 javelins of returning (quivered)
Armour
 b - a +0 scale mail (worn)
 c - a +0 shield (worn)
 l - a +0 cloak (worn)
 s - a +0 plate armour
Jewellery
 h - a ring of magical power (left hand)
 r - an amulet of guardian spirit (around neck)
Scrolls
 e - a scroll of fear {unknown}
 g - a scroll of immolation {unknown}
 i - a scroll of enchant armour {unknown}
 j - 2 scrolls of amnesia {unknown}
 n - a scroll of teleportation {unknown}
 o - a scroll of recharging {unknown}
 v - a scroll of identify {unknown}
Comestibles
 f - a bread ration
 k - a beef jerky
 p - a meat ration


   Skills:
 * Level 4.0 Fighting
 * Level 4.4 Axes
 + Level 0.2 Throwing
 + Level 3.7 Armour
 + Level 0.6 Dodging
 + Level 4.2 Shields


You had 4 spell levels left.
You didn't know any spells.

Dungeon Overview and Level Annotations

Branches:
Dungeon (2/15)

Altars:


Innate Abilities, Weirdness & Mutations

You are under a permanent stasis effect.
You can dig through walls and to a lower floor.
Your four strong arms can wield two-handed weapons with a shield.
You have a pair of large antennae on your head. (SInv)
You are dopey. (Int -2)


Message History

You start eating one of the 2 bread rations.
Keep eating?
* * * LOW HITPOINT WARNING * * *
You feel sick.
You continue eating.
* * * LOW HITPOINT WARNING * * *
You feel sick.
You continue eating.
You finish eating.
That bread ration really hit the spot!
Unknown command.
Unknown command.
Unknown command.
Okay, then.
You aren't carrying any potions.
Are you sure you want to shaft yourself?
You feel quite a bit more hungry.
* * * LOW HITPOINT WARNING * * *
You feel sick.
You begin to dig a shaft.
You continue digging a shaft.
You die...

..........#.# #.#
#...........
..........#.# #.#
#...........
..........#.# #.#
#...........
..........### ###
#####....###
..........# #.....##
#########.#
♣♣♣♣♣##...#.##
..........# ####
♣♣♣.♣..#....#..#
###########
#...#♣..♣........##.#
#######
#((.@.♣♣♣♣.......##..
......# #)..#♣♣
♣♣.#.....)..
......##### ####
♣♣###.####.
......'...# #.......
......##### ##.####.
......#
###########.#....
......##
#...........#.##.
.......#
#...........#....
.......#
#...........##.#.


There were no monsters in sight!

Vanquished Creatures
  Crazy Yiuf (D:2)
  Jessica (D:2)
  5 gnolls
  2 adders (D:2)
  An ooze (D:1)
  A dart slug (D:2)
  6 leopard geckos (D:2)
  3 giant cockroaches
  5 goblins
  4 hobgoblins
  3 jackals (D:2)
  3 kobolds
  A quokka (D:2)
  9 bats
  2 frilled lizards
  4 rats
51 creatures vanquished.

Notes
Turn   | Place    | Note
-------+----------+-------------------------------------------
     0 | D:1      | winWinterter the Formicid Fighter began the quest for the Orb.
     0 | D:1      | Reached XP level 1. HP: 18/18 MP: 1/1
    95 | D:1      | Reached XP level 2. HP: 21/24 MP: 2/2
   208 | D:1      | Reached XP level 3. HP: 19/29 MP: 3/3
   598 | D:2      | Noticed Jessica
   601 | D:2      | Killed Jessica
   601 | D:2      | Reached XP level 4. HP: 37/37 MP: 4/4
   784 | D:2      | Reached XP level 5. HP: 24/42 MP: 5/5
  1320 | D:2      | Found a runed door.
  1770 | D:2      | Noticed Crazy Yiuf
  1780 | D:2      | Killed Crazy Yiuf
  1782 | D:2      | Gained mutation: You evolve. [potion of mutation]
  1782 | D:2      | Gained mutation: You are dopey. (Int -2) [potion of mutation]
  1782 | D:2      | Lost mutation: You evolve. [potion of mutation]
  1784 | D:2      | HP: 2/42 [poisoned by Crazy Yiuf]
  1788 | D:2      | Succumbed to Crazy Yiuf's poison

Skill      XL: |  1  2  3  4  5 |
---------------+----------------+-----
Shields        | 4 |  4.2
Axes           | 3 4 |  4.4
Fighting       | 4 |  4.0
Throwing       | |  0.2
Armour         | |  3.7
Dodging        | |  0.6

Action                   |  1- 3 |  4- 6 || total
-------------------------+-------+-------++-------
Melee: War axe           |    60 |   121 ||   181
Throw: Javelin           |       |     2 ||     2
 Abil: Shaft Self        |       |     1 ||     1
  Use: Potion            |       |     3 ||     3
  Eat: Fruit             |       |     2 ||     2
       Bread ration      |       |     1 ||     1
       Chunk             |       |     1 ||     1
Armor: Scale mail        |    32 |    56 ||    88
Dodge: Dodged            |    28 |    46 ||    74
Block: Shield            |    43 |    67 ||   110
